[ PARTIDA AOE2 · #495283187 ]
UnrankedShu vs Ethiopians
Equipo del jugador · DERR
Equipo rival · VICT
[ ANÁLISIS DE REPETICIÓN · EXTRAÍDO DE LA PARTIDA GRABADA ]
Feudal
10:58
Castillos
16:03
Imperial
43:35
| APM promedio | 45.0 |
| APM pico | 73 |
| eAPM promedio | 22.5 |
| Aldeanos / militares | 73 / 10 |
Foco
⚔️ 27.1% · 🌾 72.9%
Unknown (1962) ×43 · Mangonel ×5 · Battering Ram ×5
Feudal
10:16
Castillos
20:34
Imperial
39:35
| APM promedio | 60.7 |
| APM pico | 149 |
| eAPM promedio | 31.2 |
| Aldeanos / militares | 158 / 91 |
Foco
⚔️ 27.2% · 🌾 72.8%
Knight ×42 · Archer ×26 · Mangonel ×14 · Militia ×7 · Monk ×2
Mapa de la partida
Recursos iniciales + cada clic de construcción. Líneas = muros · curvas = relieve. ◆ oro · ⬟ piedra · ● bayas · ✦ reliquia · ◌ hueco del cierre
Tu base· Abierta — el rival se encerró
Base de ballin' penguin· ✓ Cerrada en 20:34 · 36t muro · sin puerta
Terreno inicial suavizado · ◌ = hueco del cierre detectado · pasá el cursor para detalles
Inputs por minuto
— Singapura_Routeline - - ballin' penguin
Build order — Singapura_Routeline
Primeras 150 de 226 acciones detectadas
| 0:01 | Crear | Villager (Male) |
| 0:01 | Crear | Villager (Male) |
| 0:01 | Crear | Villager (Male) |
| 0:02 | Construir | House |
| 0:04 | Construir | House |
| 0:30 | Crear | Villager (Male) |
| 1:29 | Crear | Villager (Male) |
| 2:01 | Crear | Villager (Male) |
| 2:01 | Crear | Villager (Male) |
| 2:28 | Crear | Villager (Male) |
| 2:28 | Crear | Villager (Male) |
| 2:50 | Crear | Villager (Male) |
| 2:50 | Crear | Villager (Male) |
| 3:19 | Crear | Villager (Male) |
| 3:41 | Crear | Villager (Male) |
| 3:52 | Construir | Lumber Camp |
| 3:56 | Construir | House |
| 3:59 | Construir | House |
| 4:04 | Crear | Villager (Male) |
| 4:05 | Crear | Villager (Male) |
| 4:11 | Crear | Villager (Male) |
| 4:11 | Crear | Villager (Male) |
| 5:01 | Crear | Villager (Male) |
| 5:02 | Crear | Villager (Male) |
| 5:26 | Crear | Villager (Male) |
| 5:50 | Crear | Villager (Male) |
| 6:06 | Construir | Mill |
| 6:23 | Crear | Villager (Male) |
| 6:30 | Crear | Villager (Male) |
| 6:51 | Construir | Mill |
| 7:47 | Construir | Mill |
| 7:53 | Investigar | Loom |
| 8:22 | Crear | Villager (Male) |
| 8:48 | Investigar | Feudal Age |
| 9:07 | Crear | Villager (Male) |
| 9:07 | Crear | Villager (Male) |
| 10:09 | Construir | House |
| 10:58 | Edad | Edad Feudal |
| 11:06 | Construir | Market |
| 11:28 | Construir | Market |
| 11:35 | Crear | Villager (Male) |
| 11:41 | Construir | Market |
| 12:01 | Crear | Villager (Male) |
| 12:23 | Crear | Villager (Male) |
| 12:32 | Construir | Farm |
| 12:53 | Construir | Blacksmith |
| 13:23 | Investigar | Castle Age |
| 14:52 | Construir | Farm |
| 14:54 | Construir | Farm |
| 15:04 | Construir | Mining Camp |
| 15:44 | Construir | House |
| 15:52 | Construir | House |
| 15:54 | Construir | House |
| 15:56 | Construir | House |
| 16:03 | Edad | Edad de los Castillos |
| 16:10 | Construir | Siege Workshop |
| 16:26 | Construir | Palisade Wall |
| 16:29 | Construir | Palisade Wall |
| 16:37 | Crear | Villager (Male) |
| 16:42 | Crear | Unit 1962 |
| 16:42 | Crear | Unit 1962 |
| 17:21 | Crear | Villager (Male) |
| 17:21 | Crear | Villager (Male) |
| 17:30 | Crear | Villager (Male) |
| 17:37 | Construir | Lumber Camp |
| 17:41 | Crear | Unit 1962 |
| 17:53 | Construir | Farm |
| 18:04 | Construir | Farm |
| 18:22 | Crear | Unit 1962 |
| 18:43 | Crear | Villager (Male) |
| 18:46 | Construir | Farm |
| 19:00 | Crear | Battering Ram |
| 19:03 | Crear | Villager (Male) |
| 19:26 | Crear | Villager (Male) |
| 19:39 | Crear | Villager (Male) |
| 19:45 | Investigar | Double-Bit Axe |
| 19:51 | Construir | House |
| 20:07 | Crear | Villager (Male) |
| 20:09 | Crear | Battering Ram |
| 20:09 | Crear | Battering Ram |
| 20:19 | Construir | House |
| 20:21 | Construir | Palisade Wall |
| 20:29 | Crear | Unit 1962 |
| 20:42 | Crear | Villager (Male) |
| 20:59 | Crear | Battering Ram |
| 21:11 | Crear | Villager (Male) |
| 21:14 | Construir | Farm |
| 21:32 | Crear | Battering Ram |
| 21:38 | Crear | Villager (Male) |
| 22:30 | Crear | Unit 1962 |
| 22:53 | Construir | House |
| 22:55 | Construir | House |
| 22:57 | Construir | Palisade Wall |
| 23:03 | Crear | Unit 1962 |
| 23:04 | Crear | Villager (Male) |
| 23:26 | Crear | Villager (Male) |
| 23:30 | Crear | Unit 1962 |
| 23:39 | Construir | House |
| 23:40 | Construir | Palisade Wall |
| 23:45 | Construir | Palisade Wall |
| 23:48 | Construir | Siege Workshop |
| 23:52 | Crear | Villager (Male) |
| 23:59 | Construir | House |
| 24:02 | Construir | Palisade Wall |
| 24:09 | Construir | House |
| 24:10 | Construir | House |
| 24:11 | Construir | Palisade Wall |
| 24:21 | Crear | Villager (Male) |
| 24:26 | Crear | Unit 1962 |
| 24:36 | Construir | Farm |
| 24:39 | Construir | Farm |
| 24:42 | Construir | Farm |
| 24:45 | Construir | Farm |
| 24:52 | Crear | Villager (Male) |
| 25:10 | Crear | Unit 1962 |
| 25:20 | Crear | Villager (Male) |
| 25:35 | Construir | Palisade Wall |
| 25:38 | Crear | Villager (Male) |
| 25:53 | Construir | House |
| 26:04 | Crear | Unit 1962 |
| 26:05 | Crear | Villager (Male) |
| 26:29 | Crear | Unit 1962 |
| 26:40 | Crear | Villager (Male) |
| 26:51 | Construir | Farm |
| 26:55 | Construir | Farm |
| 26:56 | Construir | Farm |
| 26:57 | Construir | Farm |
| 27:01 | Crear | Villager (Male) |
| 27:09 | Crear | Mangonel |
| 27:11 | Crear | Villager (Male) |
| 27:19 | Crear | Villager (Male) |
| 27:32 | Crear | Unit 1962 |
| 27:50 | Crear | Unit 1962 |
| 28:16 | Crear | Unit 1962 |
| 28:18 | Crear | Villager (Male) |
| 28:20 | Crear | Villager (Male) |
| 28:25 | Crear | Unit 1962 |
| 28:45 | Crear | Unit 1962 |
| 28:51 | Crear | Villager (Male) |
| 28:58 | Crear | Unit 1962 |
| 29:12 | Construir | Palisade Wall |
| 29:14 | Construir | House |
| 29:30 | Crear | Unit 1962 |
| 29:30 | Crear | Unit 1962 |
| 30:09 | Construir | House |
| 30:14 | Crear | Villager (Male) |
| 30:17 | Crear | Unit 1962 |
| 30:20 | Crear | Unit 1962 |
| 30:24 | Crear | Villager (Male) |
| 30:59 | Construir | House |
Build order — ballin' penguin
Primeras 150 de 416 acciones detectadas
| 0:01 | Crear | Villager (Male) |
| 0:01 | Crear | Villager (Male) |
| 0:01 | Crear | Villager (Male) |
| 0:02 | Crear | Villager (Male) |
| 0:02 | Construir | House |
| 0:05 | Construir | House |
| 1:31 | Crear | Villager (Male) |
| 1:31 | Crear | Villager (Male) |
| 2:00 | Construir | Lumber Camp |
| 2:03 | Crear | Villager (Male) |
| 2:14 | Crear | Villager (Male) |
| 2:15 | Crear | Villager (Male) |
| 2:45 | Crear | Villager (Male) |
| 3:10 | Crear | Villager (Male) |
| 3:10 | Crear | Villager (Male) |
| 3:35 | Crear | Villager (Male) |
| 3:35 | Crear | Villager (Male) |
| 3:44 | Construir | House |
| 4:08 | Crear | Villager (Male) |
| 4:14 | Construir | Mill |
| 4:27 | Crear | Villager (Male) |
| 4:31 | Construir | House |
| 4:50 | Crear | Villager (Male) |
| 5:19 | Crear | Villager (Male) |
| 5:45 | Crear | Villager (Male) |
| 5:46 | Crear | Villager (Male) |
| 6:31 | Construir | Barracks |
| 6:32 | Construir | Palisade Wall |
| 6:40 | Crear | Villager (Male) |
| 6:53 | Crear | Villager (Male) |
| 7:18 | Investigar | Loom |
| 8:06 | Investigar | Feudal Age |
| 8:37 | Crear | Militia |
| 8:38 | Crear | Militia |
| 8:38 | Crear | Militia |
| 8:49 | Construir | Mining Camp |
| 9:00 | Crear | Militia |
| 9:01 | Crear | Militia |
| 9:28 | Crear | Villager (Male) |
| 9:41 | Crear | Militia |
| 9:41 | Crear | Militia |
| 9:56 | Construir | House |
| 10:08 | Crear | Villager (Male) |
| 10:16 | Edad | Edad Feudal |
| 10:18 | Investigar | Man-at-Arms (upgrade) |
| 10:28 | Construir | Archery Range |
| 10:31 | Construir | House |
| 10:32 | Construir | Palisade Wall |
| 10:35 | Investigar | Double-Bit Axe |
| 10:43 | Crear | Villager (Male) |
| 10:47 | Construir | Mill |
| 10:58 | Construir | Palisade Wall |
| 11:10 | Crear | Villager (Male) |
| 11:20 | Crear | Villager (Male) |
| 11:33 | Construir | Blacksmith |
| 11:53 | Crear | Archer |
| 11:53 | Crear | Archer |
| 11:54 | Crear | Archer |
| 11:54 | Crear | Archer |
| 11:58 | Crear | Villager (Male) |
| 12:02 | Investigar | Horse Collar |
| 12:07 | Crear | Villager (Male) |
| 12:16 | Construir | Farm |
| 12:34 | Crear | Archer |
| 12:37 | Construir | House |
| 12:41 | Crear | Villager (Male) |
| 12:45 | Construir | House |
| 12:46 | Construir | Palisade Wall |
| 13:05 | Investigar | Fletching |
| 13:07 | Construir | Farm |
| 13:08 | Crear | Villager (Male) |
| 13:08 | Crear | Villager (Male) |
| 13:10 | Construir | Farm |
| 13:16 | Construir | Palisade Wall |
| 13:32 | Crear | Villager (Male) |
| 13:40 | Crear | Villager (Male) |
| 13:52 | Construir | Farm |
| 13:53 | Construir | Farm |
| 13:54 | Crear | Villager (Male) |
| 14:07 | Crear | Villager (Male) |
| 14:09 | Construir | Farm |
| 14:18 | Crear | Archer |
| 14:25 | Crear | Villager (Male) |
| 14:40 | Construir | Farm |
| 14:48 | Crear | Archer |
| 14:50 | Construir | House |
| 15:04 | Construir | House |
| 15:08 | Crear | Archer |
| 15:15 | Construir | Farm |
| 15:36 | Crear | Villager (Male) |
| 15:39 | Construir | Farm |
| 15:40 | Crear | Archer |
| 15:40 | Crear | Archer |
| 15:49 | Construir | House |
| 15:53 | Crear | Archer |
| 16:28 | Construir | Farm |
| 16:40 | Construir | Farm |
| 16:44 | Crear | Villager (Male) |
| 17:12 | Crear | Villager (Male) |
| 17:54 | Investigar | Castle Age |
| 18:01 | Construir | Stable |
| 18:02 | Construir | Stable |
| 18:10 | Crear | Villager (Male) |
| 18:16 | Construir | Lumber Camp |
| 18:36 | Investigar | Gold Mining |
| 18:48 | Construir | Farm |
| 19:08 | Investigar | Scale Barding Armor |
| 19:25 | Construir | Farm |
| 19:33 | Construir | Farm |
| 19:35 | Investigar | Forging |
| 19:43 | Construir | Stable |
| 19:47 | Construir | Stable |
| 20:01 | Construir | Farm |
| 20:17 | Construir | House |
| 20:21 | Construir | House |
| 20:32 | Crear | Villager (Male) |
| 20:34 | Edad | Edad de los Castillos |
| 20:35 | Construir | House |
| 20:37 | Crear | Knight |
| 20:37 | Crear | Knight |
| 20:38 | Crear | Knight |
| 20:52 | Crear | Knight |
| 20:52 | Crear | Knight |
| 20:52 | Crear | Knight |
| 20:52 | Crear | Knight |
| 21:13 | Crear | Knight |
| 21:28 | Crear | Villager (Male) |
| 21:34 | Construir | Farm |
| 21:41 | Construir | Siege Workshop |
| 22:24 | Crear | Knight |
| 22:24 | Crear | Knight |
| 22:41 | Crear | Villager (Male) |
| 22:42 | Crear | Villager (Male) |
| 23:02 | Crear | Villager (Male) |
| 23:02 | Crear | Villager (Male) |
| 23:09 | Construir | Town Center |
| 23:21 | Crear | Villager (Male) |
| 23:24 | Construir | Farm |
| 23:28 | Construir | Farm |
| 23:39 | Construir | Market |
| 23:42 | Crear | Villager (Male) |
| 23:47 | Crear | Villager (Male) |
| 24:19 | Crear | Villager (Male) |
| 24:23 | Crear | Mangonel |
| 24:26 | Crear | Villager (Male) |
| 24:34 | Crear | Villager (Male) |
| 24:37 | Construir | House |
| 24:40 | Crear | Villager (Male) |
| 24:41 | Crear | Villager (Male) |
| 24:44 | Construir | Farm |
Cronología de la partida
| 6:31 | ballin' penguin · first_building Barracks |
| 6:32 | ballin' penguin · wall_segment Palisade Wall x1 |
| 10:16 | ballin' penguin · age_up feudal |
| 10:28 | ballin' penguin · first_building Archery Range |
| 10:32 | ballin' penguin · wall_segment Palisade Wall x12 |
| 10:58 | ballin' penguin · wall_segment Palisade Wall x1 |
| 10:58 | Singapura_Routeline · age_up feudal |
| 12:46 | ballin' penguin · wall_segment Palisade Wall x11 |
| 13:16 | ballin' penguin · wall_segment Palisade Wall x12 |
| 13:22 | Singapura_Routeline · first_market_sell 500 stone |
| 16:03 | Singapura_Routeline · age_up castle |
| 16:10 | Singapura_Routeline · first_building Siege Workshop |
| 16:26 | Singapura_Routeline · wall_segment Palisade Wall x1 |
| 16:29 | Singapura_Routeline · wall_segment Palisade Wall x1 |
| 17:26 | Singapura_Routeline · first_market_buy 100 food |
| 18:01 | ballin' penguin · first_building Stable |
| 20:21 | Singapura_Routeline · wall_segment Palisade Wall x1 |
| 20:34 | ballin' penguin · age_up castle |
| 21:41 | ballin' penguin · first_building Siege Workshop |
| 22:57 | Singapura_Routeline · wall_segment Palisade Wall x1 |
| 23:40 | Singapura_Routeline · wall_segment Palisade Wall x1 |
| 23:45 | Singapura_Routeline · wall_segment Palisade Wall x2 |
| 24:02 | Singapura_Routeline · wall_segment Palisade Wall x6 |
| 24:11 | Singapura_Routeline · wall_segment Palisade Wall x1 |
| 24:51 | ballin' penguin · first_market_buy 100 food |
| 25:35 | Singapura_Routeline · wall_segment Palisade Wall x1 |
| 27:04 | ballin' penguin · first_building Monastery |
| 29:12 | Singapura_Routeline · wall_segment Palisade Wall x1 |
| 34:18 | ballin' penguin · first_building Castle |
| 38:51 | ballin' penguin · first_market_sell 100 wood |
| 39:35 | ballin' penguin · age_up imperial |
| 40:43 | Singapura_Routeline · wall_segment Palisade Wall x12 |
| 43:35 | Singapura_Routeline · age_up imperial |
| 44:08 | Singapura_Routeline · resign |
[ ANÁLISIS IA · 1 CRÉDITO ]
¿Qué pasó realmente en esta partida?
Wolo.gg analiza cada decisión: build order, eco, micro, errores típicos por bracket. Análisis personalizado por WhatsApp o Discord en 30 segundos.
Guía civ
Shu
Perfil
Singapura_Routeline